 Dungeon Crawl Stone Soup version 0.28-a0-957-g42eb19b844 (webtiles) character file.

Game seed: 6798742437647335960

27 Goblin1989 the Magician (level 2, -6/21 HPs)
             Began as a Demonspawn Transmuter on Nov 30, 2021.
             Mangled by a hobgoblin (7 damage)
             ... on level 2 of the Dungeon.
             The game lasted 00:04:54 (1214 turns).

Goblin1989 the Magician (Demonspawn Transmuter)     Turns: 1214, Time: 00:04:55

Health: -6/21      AC:  2    Str: 10    XL:     2   Next: 93%
Magic:  4/5        EV: 12    Int: 14    God:
Gold:   35         SH:  0    Dex: 13    Spells: 5/6 levels left

rFire   . . .      SeeInvis .     - Unarmed
rCold   . . .      Faith    .   (no shield)
rNeg    . . .      Spirit   .   a - +0 robe
rPois   .          Reflect  .   (helmet currently unavailable)
rElec   .          Harm     .   (no cloak)
rCorr   .          Rampage  .   (no gloves)
Will    .....                   (boots currently unavailable)
Stlth   +.........              (no amulet)
HPRegen 0.07/turn               (no ring)
MPRegen 0.09/turn               (no ring)

@: appendages (expiring)
A: horns 2, talons 2, hooves 1
a: End Transformation


You were on level 2 of the Dungeon.
You had temporarily grown beastly horns and talons.
You visited 1 branch of the dungeon, and saw 2 of its levels.

You collected 35 gold pieces.

Inventory:

Armour
 a - a +0 robe (worn)
 c - a +2 hat of intelligence (melded)
Scrolls
 b - 3 scrolls of identify {unknown}
 d - a scroll of noise {unknown}
 e - a scroll of blinking {unknown}
 f - a scroll of torment {unknown}
 g - 2 scrolls of holy word {unknown}


   Skills:
 - Level 1.0 Fighting
 - Level 1.7 Dodging
 - Level 2.6 Unarmed Combat
 + Level 2.7 Spellcasting
 + Level 2.5 Transmutations


You had 5 spell levels left.
You knew the following spells:

 Your Spells              Type           Power      Damage    Failure   Level
a - Beastly Appendage     Tmut           18%        N/A       8%          1

Your spell library contained the following spells:

 Spells                   Type           Power      Damage    Failure   Level
 Wereblood                Tmut           9%         N/A       12%         2
 Spider Form              Tmut/Pois      5%         N/A       36%         3
 Ice Form                 Ice/Tmut       5%         N/A       78%         4


Dungeon Overview and Level Annotations

Branches:
Dungeon (2/15)

Altars:


Innate Abilities, Weirdness & Mutations

You have temporarily grown beastly horns and talons.
You have large cloven feet.


Message History

You hit the rat.
You kill the rat!
No target in view!
No target in view!
Your magical contamination has completely faded away.
HP restored.
Magic restored.
A bat and a rat come into view.
Health restored: 21; MP restored: 5 The bat hits you.
You take 1 damage, and have 20/21 hp.
Casting: Beastly Appendage (safe; 6% risk of failure)
Confirm with . or Enter, or press ? or * to list all spells.
You grow a pair of large bovine horns.
Your feet morph into talons.
Your +2 hat of intelligence melds into your body.
You feel stupid. The bat hits you but does no damage.
You now have 4/5 mp.
The bat barely misses you. The bat hits you but does no damage.
The rat closely misses you.
Health restored: 21 You hit the rat.
You kill the rat!
The bat hits you.
You take 1 damage, and have 20/21 hp.
The bat closely misses you. The bat barely misses you.
The bat hits you but does no damage.
You completely miss the bat. You claw the bat.
The bat is severely wounded.
The bat closely misses you. The bat misses you.
The bat hits you but does no damage.
You hit the bat.
You kill the bat!
No target in view!
No target in view!
Your transformation is almost over.
MP restored: 5 You see here a bat corpse.
Your horns disappear.
Your talons disappear.
Your +2 hat of intelligence unmelds from your body.
You feel clever.
Found a stone staircase leading down.
Health restored: 21
Found a ring mail.
You now have 24 gold pieces (gained 9).
g - 2 scrolls labelled DOEREL VUWISM You open the door.
There is an open door here.
You now have 35 gold pieces (gained 11).
As you open the door, it creaks loudly!
You open the door.
There is an open door here.
You enter the shallow water.
Moving in this stuff is going to be slow.
A hobgoblin comes into view. It is wielding a +0 long sword.
The hobgoblin shouts!
A hobgoblin is nearby!
Casting: Beastly Appendage (safe; 6% risk of failure)
Confirm with . or Enter, or press ? or * to list all spells.
You grow a pair of large bovine horns.
Your feet morph into talons.
Your +2 hat of intelligence melds into your body.
You feel stupid. The hobgoblin closely misses you.
You now have 4/5 mp.
You barely miss the hobgoblin. Your headbutt misses the hobgoblin.
The hobgoblin barely misses you.
You hit the hobgoblin but do no damage. Your kick misses the hobgoblin.
The hobgoblin hits you with a +0 long sword.
You take 2 damage, and have 19/21 hp.
You hit the hobgoblin. Your kick misses the hobgoblin.
The hobgoblin is moderately wounded.
The hobgoblin hits you with a +0 long sword.
You barely miss the hobgoblin.
The hobgoblin is moderately wounded.
The hobgoblin hits you with a +0 long sword.
You take 3 damage, and have 16/21 hp.
You hit the hobgoblin. Your kick misses the hobgoblin.
The hobgoblin is heavily wounded.
You hit the hobgoblin.
The hobgoblin is severely wounded.
The hobgoblin hits you with a +0 long sword.
You take 3 damage, and have 13/21 hp.
You closely miss the hobgoblin.
The hobgoblin is severely wounded.
The hobgoblin hits you with a +0 long sword.
You take 1 damage, and have 12/21 hp.
You are too injured to fight recklessly!
You are too injured to fight recklessly!
You are too injured to fight recklessly!
You are too injured to fight recklessly!
You closely miss the hobgoblin.
The hobgoblin is severely wounded.
The hobgoblin hits you with a +0 long sword!
Ouch! That really hurt!
* * * LOW HITPOINT WARNING * * *
You take 11 damage, and have 1/21 hp.
MASSIVE DAMAGE!!
You hit the hobgoblin but do no damage.
The hobgoblin is severely wounded.
Your transformation is almost over.
The hobgoblin hits you with a +0 long sword!
You die... █.██████ ██████.████ ██.........█ .....██.██.█ ████

.███.█...███ ..█ .█
█....██ █.█ .███.....█
██.█████ .........▲
█......█ ██████...█
██@███.████ █ ██.██
█g████...█ █ █.█
█.█≈≈≈≈≈≈█ █ █.█
█.████...█ █ ██∆██ ███
█...██ ██...██ █ █..██
██.....███.██████..█
██.......██.........█
███.........████...██.█


You could see a hobgoblin.

Vanquished Creatures
  2 endoplasms (D:1)
  A giant cockroach (D:1)
  2 hobgoblins (D:1)
  4 jackals (D:1)
  3 kobolds (D:1)
  2 quokkas (D:1)
  3 ball pythons (D:1)
  3 bats
  2 frilled lizards (D:1)
  3 rats
25 creatures vanquished.

Notes
Turn   | Place    | Note
-------+----------+-------------------------------------------
     0 | D:1      | Goblin1989 the Demonspawn Transmuter began the quest for
                  | the Orb.
     0 | D:1      | Reached XP level 1. HP: 15/15 MP: 3/3
   175 | D:1      | Discovered your monstrous ancestry.
   175 | D:1      | Lost mutation: You have razor-sharp toenails. [demonic
                  | ancestry]
   175 | D:1      | Lost mutation: You have sharp toenails. [demonic ancestry]
   175 | D:1      | Gained mutation: You have large cloven feet. [demonic
                  | ancestry]
   175 | D:1      | Reached XP level 2. HP: 17/21 MP: 1/5
  1213 | D:2      | HP: 1/21 [hobgoblin (11)]
  1214 | D:2      | Mangled by a hobgoblin

Illustrated notes

Levels and vault maps discovered:
D:1:      minmay_arrival_five_plusses, layout_basic
D:2:      layout_loops_corners, serial_rivers, chequers_serial_rivers_room_b,
          chequers_serial_rivers_micro_b, chequers_serial_rivers_micro_e,
          chequers_serial_rivers_micro_e, chequers_arboretum,
          minmay_fractal_squares_gapless_5

Skill      XL: |  1 |
---------------+----+-----
Transmutations | 2 |  2.5
Fighting       | |  1.0
Dodging        | |  1.7
Unarmed Combat | |  2.6
Spellcasting   | |  2.7

Action                   || total
-------------------------++-------
Melee: Unarmed           ||    77
       Kick              ||    13
       Headbutt          ||    10
 Cast: Beastly Appendage ||    19
Armor: Robe              ||    14
Dodge: Dodged            ||    66

Table legend: (Time is in decaauts)
 A = Elapsed time spent in this place.
 B = Non-inter-level travel time spent in this place.
 C = Inter-level travel time spent in this place.
 D = Time resting spent in this place.
 E = Time spent auto-exploring this place.
 F = Levels seen in this place.
 G = Mean time per level.
                   A        B        C        D        E       F      G
               +--------+--------+--------+--------+--------+-----+--------+
         Total |   1210 |   1185 |     25 |     86 |    872 |   2 |  605.0 |
       Dungeon |   1210 |   1185 |     25 |     86 |    872 |   2 |  605.0 |
               +--------+--------+--------+--------+--------+-----+--------+

Top non-repeatable levels by time:
     D:1: 1032 daAuts
     D:2: 178 daAuts
